 Dungeon Crawl Stone Soup version 0.15-a0-1224-g3833f9c (webtiles) character file.

54 Arvee the Sneak (level 3, 0/34 HPs)
             Began as a Naga Fighter on June 2, 2014.
             Slain by an adder (2 damage)
             ... while paralysed by a potion of paralysis
             ... on Level 2 of the Dungeon.
             The game lasted 00:03:02 (1117 turns).

Arvee the Sneak (Naga Fighter)                      Turns: 1117, Time: 00:03:02

HP   0/34        AC  4     Str 18      XL: 3   Next: 91%
MP   3/3         EV  1     Int  8      God:
Gold 55          SH  0     Dex 11      Spells:  0 memorised,  2 levels left

rFire  . . .     SeeInvis +     a - +0 trident
rCold  . . .     Clarity  .     b - +0 scale mail
rNeg   . . .     rCorr    .     c - +0 shield
rPois  +         rRot     .     (no helmet)
rElec  .         Spirit   .     (no cloak)
SustAb .         Warding  .     (no gloves)
rMut   .         Stasis   .     (no barding)
Gourm  .                        (no amulet)
MR     .....                    (no ring)
                                j - ring of poison resistance

@: paralysed, lethally poisoned, very slow, not resistant to hostile
enchantments, very unstealthy
A: spit poison, see invisible, deformed body, poison resistance, slowness 2, AC
+1
a: Spit Poison


You were on level 2 of the Dungeon.
You were hungry.

You visited 1 branch of the dungeon, and saw 2 of its levels.

You collected 55 gold pieces.

Inventory:

Hand weapons
 a - a +0,+0 trident (weapon)
Missiles
 n - 5 tomahawks (quivered)
Armour
 b - a +0 scale mail (worn)
 c - a +0 shield (worn)
 q - a +0 leather armour
Comestibles
 d - 4 bread rations
 f - 2 fruits
 k - a slice of pizza
 r - a meat ration
 s - 2 beef jerkies
 u - a rotting chunk of adder flesh
Scrolls
 g - 2 scrolls of teleportation {unknown}
 m - a scroll of fog {unknown}
 o - 2 scrolls of identify {unknown}
 p - a scroll of remove curse {unknown}
Jewellery
 j - a ring of poison resistance (left hand)
 t - an uncursed ring of sustain abilities {unknown}
Potions
 e - a potion of might
 h - a potion of curing
 i - a potion of paralysis
 l - a potion of resistance {unknown}
 v - a potion of restore abilities {unknown}


   Skills:
 - Level 3.1 Fighting
 - Level 2.0 Polearms
 - Level 2.4 Armour
 + Level 3.4 Stealth
 + Level 3.1 Shields


You had 2 spell levels left.
You didn't know any spells.

Dungeon Overview and Level Annotations

Branches:
Dungeon (2/15)

Altars:


Innate Abilities, Weirdness & Mutations

You cannot wear boots.
You can spit poison.
Your serpentine skin is tough (AC +1).
You have supernaturally acute eyesight.
Armour fits poorly on your strangely shaped body.
Your system is resistant to poisons.
You cover ground very slowly.


Message History

* * * LOW HITPOINT WARNING * * *
You block the bat's attack. The bat hits you.
* * * LOW HITPOINT WARNING * * *
The bat hits you.
* * * LOW HITPOINT WARNING * * *
The adder barely misses you. The adder bites you but does no damage.
Drink which item? (? for menu, Esc to quit)
You suddenly lose the ability to move!
It was a potion of paralysis.
You feel sick. The bat hits you but does no damage.
The bat completely misses you. The bat hits you.
* * * LOW HITPOINT WARNING * * *
The adder bites you.
* * * LOW HITPOINT WARNING * * *
The bat hits you but does no damage. The bat hits you but does no damage. x2
The adder bites you.
* * * LOW HITPOINT WARNING * * *
The bat hits you but does no damage. x2
The adder bites you.
You die...

.....#
♣♣.♣♣
###### ♣.♣♣
♣♣.♣ ♣♣.♣
♣..♣ ♣.♣♣
♣.♣ ♣♣♣
♣.♣♣♣♣b♣♣♣
♣...♣.@b.♣
♣....%♣S.♣
♣♣...♣♣♣..♣
# ♣♣♣.♣ ..♣
♣.♣ .♣ ♣♣♣
.. .♣ .


You could see an adder and 2 bats.

Vanquished Creatures
  An adder (D:2)
  A giant mite (D:1)
  2 worms (D:2)
  A giant gecko (D:1)
  An ooze (D:2)
  4 bats (D:1)
  A giant cockroach (D:1)
  3 goblins (D:1)
  3 hobgoblins (D:1)
  3 kobolds
  A quokka (D:2)
  4 rats
25 creatures vanquished.

Notes
Turn   | Place    | Note
--------------------------------------------------------------
     0 | D:1      | Arvee, the Naga Fighter, began the quest for the Orb.
     0 | D:1      | Reached XP level 1. HP: 21/21 MP: 1/1
    30 | D:1      | Reached XP level 2. HP: 12/28 MP: 2/2
    89 | D:1      | Reached skill level 1 in Stealth
   481 | D:1      | Reached XP level 3. HP: 34/34 MP: 3/3
  1115 | D:2      | Paralysed by a potion of paralysis for 6 turns
  1116 | D:2      | HP: 1/34 [adder (1)]
  1117 | D:2      | Slain by an adder

Action                   || total
-------------------------++-------
Melee: Trident           ||   103
Throw: Tomahawk          ||    14
  Use: Potion            ||     2
